 Dungeon Crawl Stone Soup version 0.17.0-24-gcfadda4 (webtiles) character file.

2 BLOAX the Ducker (level 1, 0/13 HPs)
             Began as a Deep Elf Monk on Nov 15, 2015.
             Slain by a jackal (3 damage)
             ... on level 1 of the Dungeon.
             The game lasted 00:00:23 (129 turns).

BLOAX the Ducker (Deep Elf Monk)                     Turns: 129, Time: 00:00:23

Health: 0/13       AC:  4    Str:  8    XL:     1   Next: 33%
Magic:  3/3        EV: 19    Int: 14    God:
Gold:   7          SH:  0    Dex: 22    Spells: 0 memorised, 0 levels left

rFire  . . .     SeeInvis .     g - +1 dagger (drain)
rCold  . . .     Clarity  .     a - +0 leather armour
rNeg   . . .     SustAt   .     (no shield)
rPois  .         Gourm    .     (no helmet)
rElec  .         Spirit   .     (no cloak)
rCorr  .         Warding  .     d - +0 pair of gloves
rMut   .         Stasis   .     (no boots)
MR     .....                    (no amulet)
Stlth  +++.......               (no ring)
                                (no ring)

@: agile, not resistant to hostile enchantments, fairly stealthy
A: no striking features
a: no special abilities


You were on level 1 of the Dungeon.
You were not hungry.

You visited 1 branch of the dungeon, and saw 1 of its levels.

You collected 7 gold pieces.


   Skills:
 - Level 2.4 Fighting
 + Level 3.7 Dodging
 - Level 2.4 Stealth
 + Level 3.3 Unarmed Combat


You couldn't memorise any spells.
You didn't know any spells.

Dungeon Overview and Level Annotations

Branches:
Dungeon (1/15)

Altars:

Inventory:

Hand Weapons
 g - a +1 dagger of draining (weapon)
   (You took it off a goblin on level 1 of the Dungeon)
Armour
 a - a +0 leather armour (worn)
   (You found it on level 1 of the Dungeon)
 d - a +0 pair of gloves (worn)
   (You found it on level 1 of the Dungeon)
Scrolls
 f - a scroll of identify {unknown}
Potions
 e - a potion of mutation {unknown}
Comestibles
 b - a bread ration

....####### #........$.
#.......... #..........
#..h....... .#
#.lh....... ..#
###h####### ..#
#h#########..#
#@#........#.##
#........(.....
###........#..#
#####........##.##
#............##..###
#.###......)....>...
##.........##........
##..#####...##........
##..#.....#.)##........


You could see 4 jackals and a giant newt.


Message History

Wear which item? (? for menu, Esc to quit)
You finish putting on your +0 pair of gloves.
Drop what? 4/52 slots (_ for help) (? for menu, Esc to quit)
You finish taking off your +0 robe.
You drop a +0 robe.
Found 8 javelins.
Found 7 gold pieces.
a - a leather armour Wear which item? (? for menu, Esc to quit)
You finish putting on your +0 leather armour.
Unknown command.
e - a smoky blue potion You now have 7 gold pieces.
You see here a club.
f - a scroll labeled QUUREY OTIA A goblin comes into view.
It is wielding a dagger of draining.
The goblin shouts!
You hit the goblin.
You kill the goblin!
Things that are here:
a dagger of draining; a goblin corpse No target in view!
g - a dagger of draining Eat which item? (? for menu, Esc to quit)
You don't have any such object.
Eat which item? (? for menu, Esc to quit)
Okay, then.
Wield which item (- for none, * to show all)? (? for menu, Esc to quit)
You sense an unholy aura.
g - a +1 dagger of draining (weapon)
There is a staircase leading out of the dungeon here.
A rat comes into view.
A rat is nearby!
A rat is nearby!
A rat is nearby!
A hobgoblin comes into view. It is wielding a club.
The hobgoblin shouts! 2 jackals come into view.
The jackal moves out of view. x2
Found 8 gold pieces.
The rat bites you.
Found a coppery potion.
The jackal barks!
You hit the rat.
You kill the rat!
You completely miss the hobgoblin. The hobgoblin hits you with a club.
A giant newt comes into view.
You hit the hobgoblin but do no damage. You drain the hobgoblin!
The hobgoblin is heavily wounded.
The hobgoblin hits you with a club.
You hit the hobgoblin but do no damage. You drain the hobgoblin!
The hobgoblin is almost dead.
The hobgoblin barely misses you.
The jackal closely misses you. 2 jackals come into view.
The jackal barks! x2
You hit the hobgoblin but do no damage.
The hobgoblin is almost dead.
The jackal bites you. The hobgoblin hits you with a club.
* * * LOW HITPOINT WARNING * * *
You hit the hobgoblin.
You kill the hobgoblin!
The jackal misses you. The jackal closely misses you. The jackal bites you.
* * * LOW HITPOINT WARNING * * *
Read which item? (? for menu, Esc to quit)
Okay, then.
Drink which item? (? for menu, Esc to quit)
It was a potion of agility.
You feel agile all of a sudden. The jackal barely misses you.
The jackal bites you.
You die...

Action                   || total
-------------------------++-------
Melee: Dagger            ||     6
       Unarmed           ||     1
  Use: Potion            ||     1

Vault maps used:
D:1:      scummos_arrival_hexagon

Notes
Turn   | Place    | Note
--------------------------------------------------------------
     0 | D:1      | BLOAX the Deep Elf Monk began the quest for the Orb.
     0 | D:1      | Reached XP level 1. HP: 13/13 MP: 3/3
   127 | D:1      | HP: 3/13 [jackal (3)]
   129 | D:1      | Slain by a jackal

Vanquished Creatures
  A hobgoblin (D:1)
  A goblin (D:1)
  A rat (D:1)
3 creatures vanquished.

Vault maps used:
D:1:      scummos_arrival_hexagon
